 Dungeon Crawl Stone Soup version 0.22.0-38-g04b72b8 (webtiles) character file.

175 Marcoleric the Shield-Bearer (level 5, -1/49 HPs)
             Began as a Deep Dwarf Fighter on Aug 27, 2018.
             Slain by a polar bear (11 damage)
             ... created by the rage of Trog
             ... on level 3 of the Dungeon.
             The game lasted 00:12:05 (2396 turns).

Marcoleric the Shield-Bearer (Deep Dwarf Fighter)   Turns: 2396, Time: 00:12:07

Health: -1/49      AC:  7    Str: 26      XL:     5   Next: 29%
Magic:  7/13       EV:  6    Int:  7 (8)  God:
Gold:   151        SH: 15    Dex: 12      Spells: 4/4 levels left

rFire    . . .     SeeInvis .   a - +0 war axe
rCold    . . .     Gourm    .   e - +0 large shield
rNeg     . . .     Faith    .   b - +0 scale mail
rPois    .         Spirit   .   (no helmet)
rElec    .         Reflect  .   (no cloak)
rCorr    .         Harm     .   (no gloves)
MR       .....                  (no boots)
Stlth    ..........             (no amulet)
HPRegen  0.00/turn              j - ring of magical power
MPRegen  0.13/turn              (no ring)

@: mighty, non-regenerating
A: damage resistance, heal wounds, sense surroundings 1, no regeneration
a: Heal Wounds


You were on level 3 of the Dungeon.
You were hungry.

You visited 1 branch of the dungeon, and saw 3 of its levels.

You collected 151 gold pieces.

Inventory:

Hand Weapons
 a - a +0 war axe (weapon)
Armour
 b - a +0 scale mail (worn)
 c - a +0 shield
 e - a +0 large shield (worn)
 i - a +0 shield
Jewellery
 j - a ring of magical power (left hand)
Scrolls
 g - 3 scrolls of magic mapping
 h - 4 scrolls of remove curse
 k - a scroll of amnesia
Potions
 m - a potion of lignification
Comestibles
 f - 5 rations


   Skills:
 + Level 3.1 Fighting
 + Level 4.2 Axes
 + Level 3.8 Armour
 + Level 1.0 Dodging
 + Level 4.6 Shields


You had 4 spell levels left.
You didn't know any spells.
Your spell library was empty.

Dungeon Overview and Level Annotations

Branches:
Dungeon (3/15)

Altars:
Ashenzari
Elyvilon
Trog


Innate Abilities, Weirdness & Mutations

You are resistant to damage.
You can heal yourself by infusing magical energy.
You passively map a small area around you.
You do not regenerate.


Message History

You block the kobold's attack.
The black bear rages.
The polar bear bites you!
* * * LOW HITPOINT WARNING * * *
You block the polar bear's attack. The polar bear claws you.
* * * LOW HITPOINT WARNING * * *
Okay, then.
Your magical essence is drained by the effort!
You feel much better.
The black bear rages.
You block the polar bear's attack. The polar bear claws you.
You block the polar bear's attack. You block the kobold's attack.
You feel very mighty all of a sudden. The polar bear bites you!!
Ouch! That really hurt!
* * * LOW HITPOINT WARNING * * *
The polar bear claws you but does no damage.
You block the polar bear's attack. You block the kobold's attack.
The polar bear bites you!
You die...

# ##.....(.##.###.....#,
####.........#.##...#).# #
...+.........'.........#.#
####.........#.##........#
# ##.......##..h......###
# ##.....#####hh....## #
##...## #h###### # ##'##
#h# # #.# #@# #.# #K# * *
#.#* #.# *,, ...** #.# *
,..., #.# ...* #.# .....
..# , ###


You could see 2 polar bears, 3 black bears and a kobold.

Vanquished Creatures
  An orc wizard (D:3)
  4 adders
  4 gnolls (D:3)
  A worm (D:3)
  A dart slug (D:1)
  A leopard gecko (D:3)
  9 orcs
  6 giant cockroaches
  5 goblins
  4 hobgoblins
  7 kobolds
  A quokka (D:2)
  7 bats
  3 frilled lizards
  2 rats
  A plant (D:2)
57 creatures vanquished.

Vanquished Creatures (others)
  A quokka (D:2)
  A plant (D:2)
2 creatures vanquished.

Grand Total: 59 creatures vanquished

Notes
Turn   | Place    | Note
-------+----------+-------------------------------------------
     0 | D:1      | Marcoleric the Deep Dwarf Fighter began the quest for the Orb.
     0 | D:1      | Reached XP level 1. HP: 20/20 MP: 1/1
   312 | D:1      | Reached XP level 2. HP: 27/27 MP: 2/2
  1128 | D:2      | Reached XP level 3. HP: 34/34 MP: 3/3
  1146 | D:2      | Found a bloodstained altar of Trog.
  1192 | D:2      | Became a worshipper of Trog the Wrathful
  1533 | D:2      | Found a white marble altar of Elyvilon.
  1903 | D:3      | Found a shattered altar of Ashenzari.
  1963 | D:3      | Reached XP level 4. HP: 33/42 MP: 4/4
  2115 | D:3      | HP: 2/42 [gnoll/halberd (3)]
  2225 | D:3      | Fell from the grace of Trog
  2293 | D:3      | Reached skill level 1 in Dodging
  2293 | D:3      | Reached XP level 5. HP: 29/49 MP: 5/5
  2387 | D:3      | Noticed a polar bear
  2387 | D:3      | Noticed a black bear
  2387 | D:3      | Noticed a black bear
  2387 | D:3      | Noticed a polar bear
  2387 | D:3      | Noticed a black bear
  2396 | D:3      | Slain by a polar bear

Skill      XL: |  1  2  3  4 |
---------------+-------------+-----
Fighting       | 3 |  3.1
Axes           | 3 4 |  4.2
Shields        | 4 |  4.6
Dodging        | 1 |  1.0
Armour         | |  3.8

Action                   |  1- 3 |  4- 6 || total
-------------------------+-------+-------++-------
Melee: War axe           |   163 |    85 ||   248
Invok: Renounce Religion |       |     1 ||     1
 Abil: Heal Wounds       |     1 |     4 ||     5
  Use: Scroll            |     5 |     2 ||     7
       Potion            |     3 |     1 ||     4
  Eat: Ration            |     1 |       ||     1
       Chunk             |     1 |       ||     1
Armor: Scale mail        |    68 |    29 ||    97
Dodge: Dodged            |    26 |    21 ||    47
Block: Shield            |    21 |       ||    21
       Large shield      |    99 |    83 ||   182
